 Dungeon Crawl Stone Soup version 0.19.1-1-g22dce08 (webtiles) character file.

189 McKennaii the Gusty (level 5, -4/32 HPs)
             Began as a High Elf Air Elementalist on Jan 7, 2017.
             Was an Initiate of Sif Muna.
             Slain by an iguana (15 damage)
             ... on level 4 of the Dungeon.
             The game lasted 00:08:25 (2741 turns).

McKennaii the Gusty (High Elf Air Elementalist)     Turns: 2741, Time: 00:08:25

Health: -4/32      AC:  2    Str:  7    XL:     5   Next: 40%
Magic:  11/11      EV: 13    Int: 20    God:    Sif Muna [......]
Gold:   172        SH:  0    Dex: 15    Spells: 3 memorised, 6 levels left

rFire  . . .     SeeInvis .     q - +3 falchion
rCold  . . .     Gourm    .     a - +0 robe
rNeg   . . .     Faith    .     (no shield)
rPois  .         Spirit   .     (no helmet)
rElec  .         Reflect  .     (no cloak)
rCorr  .         Harm     .     (no gloves)
MR     .....                    (no boots)
Stlth  ++........               (no amulet)
                                (no ring)
                                (no ring)

@: no status effects
A: no striking features
a: Renounce Religion


You were on level 4 of the Dungeon.
You worshipped Sif Muna.
Sif Muna was noncommittal.
You were not hungry.

You visited 2 branches of the dungeon, and saw 5 of its levels.

You collected 172 gold pieces.

Inventory:

Hand Weapons
 q - a +3 falchion (weapon)
Armour
 a - a +0 robe (worn)
Jewellery
 i - a +4 ring of intelligence {unknown}
Scrolls
 e - a scroll of fog {unknown}
 f - 2 scrolls of amnesia {unknown}
 h - a scroll of magic mapping {unknown}
 n - 2 scrolls of remove curse {unknown}
 p - a scroll of identify {unknown}
Potions
 d - 5 potions of curing {unknown}
 g - 2 potions of might {unknown}
 k - a potion of flight {unknown}
 o - a potion of resistance {unknown}
Books
 b - a book of Air

   Spells                             Type                      Level
   a - Shock                          Conjuration/Air              1
   b - Swiftness                      Charms/Air                   2
   c - Repel Missiles                 Charms/Air                   2
   d - Static Discharge               Conjuration/Air              3
   e - Lightning Bolt                 Conjuration/Air              5
Comestibles
 c - 3 bread rations


   Skills:
 + Level 0.8 Fighting
   Level 0.2 Short Blades
 + Level 2.6 Dodging
 + Level 2.7 Stealth
 + Level 0.1 Unarmed Combat
 + Level 3.6 Spellcasting
 + Level 2.9 Conjurations
 + Level 5.1 Air Magic


You had 6 spell levels left.
You knew the following spells:

 Your Spells              Type           Power        Failure   Level  Hunger
a - Shock                 Conj/Air       ###.         2%          1    None
b - Swiftness             Chrm/Air       ##......     10%         2    ##.....
c - Repel Missiles        Chrm/Air       ##....       10%         2    ##.....


Dungeon Overview and Level Annotations

Branches:
Dungeon (4/15)             Temple (1/1) D:4

Altars:
Ashenzari
Dithmenos
Gozag
Kikubaaqudgha
Makhleb
Nemelex Xobeh
Qazlal
Ru
Sif Muna
Trog
Uskayaw
Xom
Yredelemnul
Zin
The Shining One

Annotations:
D:4 fatfloppyjuicyveiny's ghost, amateur OpWz


Message History

You finish eating.
That royal jelly was delicious!
You start eating the fruit.
Mmm - a full handful of cherries!
You start eating the beef jerky.
That beef jerky was delicious!
There is a staircase back to the Dungeon here.
You can't go down here!
You climb upwards.
Welcome back to the Dungeon!
Level annotation: fatfloppyjuicyveiny's ghost, amateur OpWz The iguana hisses angrily.
Fatfloppyjuicyveiny's ghost stares at you and mumbles some strange words.
The magic dart hits you!
There is a staircase to the Ecumenical Temple here.
Fatfloppyjuicyveiny's ghost casts a spell at you.
The magic dart hits you! The iguana bites you!
Things that are here:
10 gold pieces; a pair of boots The iguana bites you!
You die...

# ##.....#..$...#
####..)#.......<.#
.............#####
.).........)..#######
....#...............#
....#..........>....#
.............#W.....#
.####......W.#..$l..#
.# #......>.#..@...#
.#
..................?#
###..........!...####
............#
............#
.##..######## ##. .


You could see an iguana and fatfloppyjuicyveiny's ghost.

Vanquished Creatures
  2 orc priests
  5 adders
  An ooze (D:3)
  A worm (D:3)
  2 dart slugs
  A leopard gecko (D:1)
  7 orcs
  3 ball pythons
  3 giant cockroaches
  14 goblins
  8 hobgoblins
  A quokka (D:4)
  6 bats
  3 frilled lizards
  5 kobolds
  6 rats
68 creatures vanquished.

Notes
Turn   | Place    | Note
-------+----------+-------------------------------------------
     0 | D:1      | McKennaii the High Elf Air Elementalist began the quest for the Orb.
     0 | D:1      | Reached XP level 1. HP: 11/11 MP: 4/4
    73 | D:1      | Reached skill level 4 in Air Magic
   117 | D:1      | Reached XP level 2. HP: 10/17 MP: 4/6
   678 | D:2      | Learned a level 2 spell: Swiftness
   681 | D:2      | Learned a level 2 spell: Repel Missiles
   827 | D:2      | Reached XP level 3. HP: 13/21 MP: 0/8
  1351 | D:2      | Found a faded altar of an unknown god.
  1622 | D:3      | Reached XP level 4. HP: 13/27 MP: 3/9
  2035 | D:3      | You fall through a shaft!
  2045 | D:4      | Reached XP level 5. HP: 32/32 MP: 8/11
  2065 | D:4      | Reached skill level 5 in Air Magic
  2185 | D:4      | Found a burning altar of Makhleb.
  2185 | D:4      | Found a bloodstained altar of Trog.
  2225 | D:4      | Found a staircase to the Ecumenical Temple.
  2229 | D:4      | Noticed fatfloppyjuicyveiny's ghost (amateur OpWz)
  2434 | Temple   | Entered the Ecumenical Temple
  2502 | Temple   | Became a worshipper of Sif Muna the Loreminder
  2741 | D:4      | Slain by an iguana

Skill      XL: |  1  2  3  4  5 |
---------------+----------------+-----
Air Magic      | 4 5 |  5.1
Spellcasting   | 3 |  3.6
Conjurations   | 2 |  2.9
Fighting       | |  0.8
Short Blades   | |  0.2
Dodging        | |  2.6
Stealth        | |  2.7
Unarmed Combat | |  0.1

Action                   |  1- 3 |  4- 6 || total
-------------------------+-------+-------++-------
Melee: Unarmed           |    30 |       ||    30
       Dagger            |       |     3 ||     3
 Cast: Shock             |    88 |    49 ||   137
  Eat: Bread ration      |     1 |       ||     1
       Royal jelly       |       |     1 ||     1
       Fruit             |       |     1 ||     1
       Beef jerky        |       |     1 ||     1
Armor: Robe              |     8 |     3 ||    11
Dodge: Dodged            |    21 |    11 ||    32
       Rpst.: Falchion   |       |     1 ||     1
